[Event "*** Titled Tuesday Blitz"]
[Site "Chess.com"]
[Date "2021.04.06"]
[Round "9"]
[White "Meri-Arabidze"]
[Black "anon481216"]
[Result "0-1"]
[WhiteElo "2622"]
[BlackElo "2522"]
[TimeControl "180+1"]
[EndTime "11:48:00 PDT"]
[Termination "anon481216 won on time"]

1. Nf3 c5 2. c4 Nc6 3. Nc3 e5 4. d3 g6 5. g3 Bg7 6. Bg2 Nge7 7. O-O d6 8. Bd2 O-O 9. a3 a5 10. Ne1 Be6 11. Nc2 d5 12. cxd5 Nxd5 13. Ne3 Nde7 14. Nc4 Rb8 15. Nb5 b6 16. Bc3 Qd7 17. a4 Bh3 18. b3 Bxg2 19. Kxg2 Nf5 20. Rc1 Nfd4 21. e3 Ne6 22. Qe2 Ng5 23. f4 exf4 24. gxf4 Qh3+ 25. Kg1 Ne6 26. Bxg7 Nxg7 27. Qf3 Qxf3 28.
Rxf3 Rfd8 29. Rd1 Nf5 30. Kf2 Kg7 31. Ke2 Re8 32. Kd2 Red8 33. Kc3 Nb4 34. e4 Nd4 35.
Nxd4 Rxd4 36. f5 g5 37. Rg3 f6 38. e5 Nd5+ 39. Kb2 Nf4 40. e6 Kf8 41. Re3 Ke7 42. Kc2 Nd5 43. Rh3 Rh8 44. Rf1 h5 45. Rg3 h4 46. Rgf3 Nb4+ 47. Kc3 Nd5+ 48. Kb2 Rb8 49. h3 Nb4 50. Kc3 Nc6 51. Rg1 b5 52. axb5 Rxb5 53.
Rxg5 fxg5 54. f6+ Kxe6 55. f7 Rb8 56. f8=Q Rxf8 57. Rxf8 g4 58. hxg4 Rxg4 59. Re8+ Kd7 60. Rh8 Kc7 61. Rh7+ Kb8 62. Nd6 Nb4 63. Ne4 Na6 64. Kc4 Rg1 65. Kb5 Nc7+ 66. Kc6 Ne6 67. Nd6 Rg8 68. Kb6 Nd4 69. Rb7+ Ka8 70. Ra7+ Kb8 71.
Rh7 Nxb3 72. Rb7+ Ka8 73. Ra7+ Kb8 74. Rb7+ Ka8 75. Rh7 a4 76. Nb5 a3 77. Rb7 Rg6+ 78.
Kc7 Rg7+ 79. Kc8 Rxb7 0-1

[Event "*** Titled Tuesday Blitz"]
[Site "Chess.com"]
[Date "2021.04.06"]
[Round "9"]
[White "JoliyRoger"]
[Black "Hasangatin_Ramil"]
[Result "0-1"]
[WhiteElo "2403"]
[BlackElo "2571"]
[TimeControl "180+1"]
[EndTime "11:48:02 PDT"]
[Termination "Hasangatin_Ramil won on time"]

1. d4 Nf6 2. c4 c5 3. d5 e6 4.
Nc3 exd5 5. cxd5 Bd6 6. Nf3 Bc7 7. Bg5 d6 8. g3 h6 9. Bh4 g5 10. Nxg5 hxg5 11. Bxg5 Rg8 12. Bh4 Ba5 13. Rc1 Nbd7 14.
Bg2 Qb6 15. Rc2 Bxc3+ 16. bxc3 Qa6 17. O-O Kd8 18. e4 Kc7 19. f4 Ng4 20. Qf3 Qa4 21.
Re2 b6 22. c4 Ba6 23. e5 Bxc4 24. exd6+ Kb7 25. h3 Bxe2 26. Qxe2 Qd4+ 27. Kh1 Ne3 28.
Re1 Nxg2 29. Qxg2 Rae8 30. Re7 Rxe7 31. dxe7 Ka6 32. Qe2+ b5 33. e8=Q Rxe8 34. Qxe8 Qxd5+ 35. Kh2 Qxa2+ 36. Kh1 Qb1+ 37. Kh2 Qc2+ 38. Kh1 Qd1+ 39. Kh2 Qd2+ 40. Kh1 Qd5+ 41. Kh2 Nb6 42. Bf6 b4 43. h4 c4 44. Qe2 Qd3 45. Qa2+ Kb7 46. h5 b3 47. Qb2 Qc2+ 48. Qxc2 bxc2 49. Bb2 c3 50.
Bc1 Nd5 51. h6 Nf6 52. Kh3 Kc6 53. g4 Kd5 54. g5 Nh7 55. Kg4 Ke4 56. f5 Nf8 57. Ba3 a5 58. Bc1 a4 59. Ba3 Ke5 60.
Bc1 Ke4 61. Ba3 Kd3 62. Bc1 Ke2 63. Kh5 Kd1 64. Ba3 c1=Q 65. Bxc1 Kxc1 66. g6 fxg6+ 67. fxg6 Nxg6 68. Kxg6 a3 69. h7 a2 70. h8=Q a1=Q 71.
Qh1+ Kb2 72. Qb7+ Kc2 73. Qe4+ Kb2 74. Qb4+ Kc2 75. Qe4+ Kc1 76. Qe1+ Kb2 77. Qe3 Qa6+ 78. Kh5 Qb5+ 79. Kh4 Qd5 80. Qe2+ c2 81. Qb5+ Qxb5 0-1

[Event "*** Titled Tuesday Blitz"]
[Site "Chess.com"]
[Date "2021.04.06"]
[Round "9"]
[White "tandaleo"]
[Black "MPGM"]
[Result "1/2-1/2"]
[WhiteElo "2411"]
[BlackElo "2556"]
[TimeControl "180+1"]
[EndTime "11:48:09 PDT"]
[Termination "Game drawn - insufficient material"]

1. Nf3 d5 2. g3 Bg4 3. Bg2 Nd7 4. c4 e6 5. cxd5 exd5 6. Qb3 Nb6 7. Nc3 Nf6 8. O-O Bd6 9. a4 a5 10. Nb5 Be7 11. d3 O-O 12. Bf4 c6 13. Nc7 Bb4 14. Nxa8 Qxa8 15. h3 Bxf3 16. Bxf3 Re8 17. Qc2 Qc8 18.
Bd2 Qxh3 19. Bxb4 axb4 20. Qc5 Nbd7 21. Qxb4 Ne5 22. Bg2 Qh5 23. Qh4 Qxh4 24. gxh4 Ng6 25. e3 Nxh4 26. d4 g5 27. b4 Nf5 28. b5 cxb5 29.
axb5 Nd6 30. Rab1 h5 31. Rfc1 Kg7 32. Rc5 Nde4 33. Bxe4 Nxe4 34. Rxd5 Nc3 35. Rxg5+ Kf6 36. Rb3 Ne2+ 37. Kf1 Nxd4 38. Rb4 Nc2 39. Rc4 Nxe3+ 40. fxe3 Kxg5 41. Rc7 f5 42. Rxb7 Rxe3 43. b6 Rb3 44. Kf2 Kf4 45. Rh7 Rb2+ 46. Kf1 Kg4 47. b7 f4 48. Kg1 h4 49. Rg7+ Kf3 50. Kh1 h3 51.
Re7 Kg3 52. Rg7+ Kf3 53. Re7 h2 54. Rg7 Ke3 55. Re7+ Kf3 56. Rg7 Ke4 57. Re7+ Kf5 58. Rf7+ Kg5 59. Rg7+ Kf6 60. Rg2 Rxb7 61. Kxh2 Kf5 62.
Ra2 Kg4 63. Kg2 Rb3 64. Kf2 Rh3 65. Ra8 Rh2+ 66. Kg1 Rb2 67. Ra7 Kg3 68. Rg7+ Kf3 69.
Ra7 Rb1+ 70. Kh2 Rf1 71. Ra3+ Kf2 72. Ra2+ Kf3 73. Ra3+ Kg4 74. Ra4 Rb1 75. Kg2 Rb2+ 76. Kf1 Kg3 77. Ra8 Kf3 78. Ra3+ Kg4 79. Ra8 Kg3 80. Rg8+ Kf3 81. Kg1 Rb1+ 82. Kh2 Ke3 83.
Re8+ Kf2 84. Ra8 f3 85. Ra2+ Kf1 86. Kg3 Rb3 87. Rf2+ Kg1 88. Rxf3 Rxf3+ 89. Kxf3 1/2-1/2

[Event "*** Titled Tuesday Blitz"]
[Site "Chess.com"]
[Date "2021.04.06"]
[Round "9"]
[White "AttackSparrow"]
[Black "Anton_Demchenko"]
[Result "1-0"]
[WhiteElo "2555"]
[BlackElo "2834"]
[TimeControl "180+1"]
[EndTime "11:48:11 PDT"]
[Termination "AttackSparrow won by checkmate"]

1. e4 c5 2. c3 Nf6 3. e5 Nd5 4. d4 cxd4 5. Nf3 d6 6. cxd4 Nc6 7. Bc4 dxe5 8. dxe5 Ndb4 9. O-O Qxd1 10. Rxd1 Nc2 11.
Na3 Nxa3 12. bxa3 e6 13. Rb1 Bc5 14. Bb2 O-O 15. Ng5 Be7 16. Ne4 Rd8 17. Rxd8+ Nxd8 18. Rd1 b6 19. Nd6 Kf8 20. a4 Nb7 21. Bb5 Nc5 22.
Ba3 Rb8 23. Kf1 Bb7 24. Nxb7 Nxb7 25. Bxe7+ Kxe7 26. Rd7+ Kf8 27. Rc7 a5 28. Ke2 Nc5 29. Ke3 g5 30. g3 h6 31. f4 Kg7 32. Rc6 gxf4+ 33. gxf4 Kg6 34. Bd3+ Kh5 35. Be2+ Kh4 36. Rc7 Rf8 37. Bb5 Kh3 38. Rc6 Rb8 39. Rc7 Rb7 40.
Rc8 Kxh2 41. Rh8 Kg3 42. Rxh6 Rc7 43. Rh7 Nb7 44. Rg7+ Kh4 45. Ke4 Nc5+ 46. Kf3 Kh5 47. Rg8 Kh6 48. Rh8+ Kg7 49. Rb8 Rb7 50. Rc8 Kg6 51.
Rc6 Kh7 52. Be2 Kg7 53. Bd1 f6 54. Bc2 fxe5 55. fxe5 Kf7 56. Ke3 Ke7 57. Rd6 Nd7 58.
Kf4 Nc5 59. Be4 Rb8 60. Rc6 Rf8+ 61. Ke3 Rh8 62. Rxb6 Rh3+ 63. Bf3 Nxa4 64. Rb7+ Kd8 65. Kf4 Nc5 66. Rb6 Ke7 67. Bg4 Ra3 68. Rc6 Rc3 69.
Rc7+ Kd8 70. Rh7 Rc4+ 71. Kg5 Rd4 72. Rh8+ Ke7 73. Rh7+ Kd8 74. Bh3 Rd5 75. Kf6 Nd7+ 76. Kxe6 Rxe5+ 77. Kd6 Nf8 78. Rh8 Re8 79. Bf5 a4 80. a3 Ng6 81. Rxe8+ Kxe8 82. Bxg6+ Kd8 83. Bc2 Kc8 84. Bxa4 Kb7 85. Bb3 Ka7 86. Kc5 Ka6 87.
Kb4 Kb6 88. a4 Ka6 89. a5 Kb7 90. Bc4 Ka7 91. Kb5 Kb7 92. a6+ Ka7 93. Ka5 Ka8 94. Kb6 Kb8 95. a7+ Ka8 96. Bd5# 1-0

[Event "*** Titled Tuesday Blitz"]
[Site "Chess.com"]
[Date "2021.04.06"]
[Round "9"]
[White "Chesswizard_2007"]
[Black "babyking1205"]
[Result "0-1"]
[WhiteElo "2704"]
[BlackElo "2603"]
[TimeControl "180+1"]
[EndTime "11:48:23 PDT"]
[Termination "babyking1205 won by checkmate"]

1. e4 c5 2. Nf3 d6 3. d4 cxd4 4. Nxd4 Nf6 5. Nc3 a6 6. Nb3 e5 7. Bg5 Be7 8. Be2 Be6 9. O-O Nbd7 10. a4 Rc8 11. Bf3 O-O 12. Nd5 Bxd5 13. exd5 h6 14.
Be3 e4 15. Be2 Ne5 16. Qd2 Qd7 17. h3 Nc4 18. Bxc4 Rxc4 19. Na5 Rxa4 20. Rxa4 Qxa4 21. Nxb7 Qb5 22. Na5 Qxd5 23. Qc3 Nd7 24. b4 Bf6 25. Qc7 Ne5 26. c4 Qd3 27. Qb6 Nxc4 28. Qxa6 d5 29.
Nxc4 dxc4 30. b5 c3 31. Qc6 Be5 32. Rc1 Rd8 33. g4 h5 34. g5 h4 35. b6 Qe2 36.
g6 Qf3 37. gxf7+ Qxf7 38. b7 Qf5 39. Qc4+ Kh8 40. Qf1 Qf7 41. Qg2 Qxb7 42. Qg5 Bf6 43. Qh5+ Kg8 44. Qc5 Qe7 45. Qc4+ Qf7 46. Qxe4 Re8 47.
Qf3 Qg6+ 48. Kf1 Qd3+ 49. Qe2 Qe4 50. Kg1 Be5 51. Qg4 Qxg4+ 52. hxg4 Rc8 53. Rc2 Kf7 54. Kg2 Ke6 55. Kh3 Kd5 56. Kxh4 Ke4 57. Kg5 Kd3 58. Rc1 c2 59. Kg6 Bb2 60. Rh1 Rc6+ 61. Kh7 c1=Q 62. Bxc1 Bxc1 63. Kxg7 Ke4 64. Re1+ Kf4 65. Rd1 Kxg4 66.
Kf7 Bf4 67. Ke7 Kf5 68. Kd7 Rc7+ 69. Ke8 Rh7 70. Kd8 Be5 71. Kc8 Ke6 72. f4 Rc7+ 73. Kd8 Bxf4 74. Re1+ Kf5 75. Rf1 Rh7 76. Kc8 Ke4 77.
Kd8 Be5 78. Ke8 Kd5 79. Rf7 Rh8+ 80. Kd7 Ra8 81. Re7 Ra7+ 82. Ke8 Ra6 83. Kf7 Rf6+ 84. Ke8 Rf2 85. Rd7+ Bd6 86. Rf7 Re2+ 87. Kd7 Ra2 88. Rf5+ Be5 89. Rf3 Ra7+ 90. Kc8 Ke6 91. Rb3 Rc7+ 92.
Kd8 Rc2 93. Rb6+ Bd6 94. Rb1 Be7+ 95. Ke8 Rc8# 0-1

[Event "*** Titled Tuesday Blitz"]
[Site "Chess.com"]
[Date "2021.04.06"]
[Round "9"]
[White "vlad_Sid"]
[Black "vinniethepooh"]
[Result "0-1"]
[WhiteElo "2611"]
[BlackElo "2735"]
[TimeControl "180+1"]
[EndTime "11:48:44 PDT"]
[Termination "vinniethepooh won by resignation"]

1. c4 Nf6 2. g3 c6 3. Bg2 d5 4.
Nf3 g6 5. b3 Bg7 6. Bb2 O-O 7.
O-O Nbd7 8. Qc2 Re8 9. d4 b5 10.
Nfd2 bxc4 11. bxc4 Rb8 12. Nc3 e5 13. dxe5 Nxe5 14. cxd5 Nxd5 15. Nxd5 Rxb2 16. Qxb2 Nf3+ 17. Nxf3 Bxb2 18. Rab1 Qxd5 19. Rxb2 Bf5 20. Rd2 Qa5 21. Rc1 Be4 22. Rcd1 Kg7 23. Ne1 c5 24. Bxe4 Rxe4 25. Rc2 Qb5 26. e3 Rc4 27. Rcd2 Ra4 28. Rc2 Ra3 29. Kg2 c4 30. Nf3 Qa4 31. Rdc1 c3 32. Nd4 Qc4 33. Kg1 a5 34. Ra1 Qd3 35. h4 Ra4 36. Rac1 Rc4 37. Kg2 a4 38. Nf3 Qe4 39. Rxc3 Rxc3 40. Rxc3 Qb4 41. Rd3 Qb1 42. Ra3 Qb4 43.
Rd3 Qe4 44. Rd4 Qc2 45. Rd2 Qc6 46. g4 h6 47. Kg3 Qc7+ 48. Kg2 Qb7 49. Kg3 Qb8+ 50.
Kg2 a3 51. Nd4 Qb2 52. Nb3 Qc3 53. Kf3 Qc6+ 54. Kg3 g5 55. hxg5 hxg5 56. Rd3 Qc4 57. Rd2 Kg6 58. Kg2 Qxg4+ 59. Kf1 Qc4+ 60. Kg2 f6 61.
Rd4 Qc6+ 62. Kg3 Qc2 63. Rd2 Qc7+ 64. Kg2 Qc6+ 65. Kg3 Qb6 66. Nd4 Qb8+ 67. Kg2 Qb7+ 68. Kg3 Qb2 69. Nb3 Qe5+ 70. Kg2 f5 71. Nd4 g4 72.
Ne2 Qe4+ 73. Kg1 Qb1+ 74. Kg2 Qe4+ 75. Kg1 Qb4 76. Nf4+ Kf7 77. Re2 Qb1+ 78. Kg2 Qe4+ 79. Kg3 Qf3+ 80. Kh4 Kf6 81. Rc2 Qh1+ 82. Kg3 Qe4 83.
Rd2 Kg5 84. Re2 Qf3+ 85. Kh2 g3+ 86. fxg3 Kg4 87. Rg2 Qxe3 88. Nh3 Qh6 89. Rf2 Qxh3+ 90. Kg1 Qxg3+ 91. Rg2 f4 92. Kf1 Kf3 93. Rxg3+ Kxg3 94. Kg1 Kf3 95. Kf1 Ke3 96. Ke1 f3 97. Kf1 f2 98.
Kg2 Ke2 99. Kh2 f1=Q 0-1

[Event "*** Titled Tuesday Blitz"]
[Site "Chess.com"]
[Date "2021.04.06"]
[Round "10"]
[White "Kapibara_Warri0r"]
[Black "MerryPoppies"]
[Result "1-0"]
[WhiteElo "2225"]
[BlackElo "2141"]
[TimeControl "180+1"]
[EndTime "11:51:00 PDT"]
[Termination "Kapibara_Warri0r won by resignation"]

1. d4 d5 2. Bf4 Nf6 3. e3 e6 4. c3 Bd6 5. Be5 Nbd7 6. f4 O-O 7. Nf3 Bxe5 8. fxe5 Ne4 9. Bd3 f6 10. Qc2 fxe5 11. dxe5 Qh4+ 12. Nxh4 1-0

[Event "*** Titled Tuesday Blitz"]
[Site "Chess.com"]
[Date "2021.04.06"]
[Round "10"]
[White "annacramling"]
[Black "Irishchessman16"]
[Result "1-0"]
[WhiteElo "2100"]
[BlackElo "2266"]
[TimeControl "180+1"]
[EndTime "11:51:30 PDT"]
[Termination "annacramling won by resignation"]

1. d4 f5 2. e4 fxe4 3. Nc3 Nf6 4. Bg5 c5 5. dxc5 Qa5 6. Bxf6 exf6 7. Qh5+ g6 8. Qd5 Qxc5 9. Qxe4+ Kf7 10. Bc4+ Kg7 11. O-O-O Nc6 12. Nf3 d5 13. Rxd5 Qb4 1-0

[Event "*** Titled Tuesday Blitz"]
[Site "Chess.com"]
[Date "2021.04.06"]
[Round "10"]
[White "sergeikim"]
[Black "SergeyShtyka"]
[Result "1-0"]
[WhiteElo "2534"]
[BlackElo "2401"]
[TimeControl "180+1"]
[EndTime "11:51:31 PDT"]
[Termination "sergeikim won by resignation"]

1. d4 c5 2. d5 e5 3. Nc3 d6 4. e4 Be7 5. Be2 Bg5 6. Nf3 Bxc1 7.
Qxc1 Nf6 8. Qg5 O-O 9. h4 a6 10. a4 Bg4 11. Nd2 Bxe2 12. Nxe2 Qe7 13. Nc4 Nbd7 14.
Ng3 h6 15. Nf5 hxg5 16. Nxe7+ Kh8 17. hxg5+ Nh7 18. g6 fxg6 19. Nxg6+ Kg8 20. Nxf8 Rxf8 21. Nxd6 Ng5 22. f3 1-0

[Event "*** Titled Tuesday Blitz"]
[Site "Chess.com"]
[Date "2021.04.06"]
[Round "10"]
[White "eduardoperalta"]
[Black "Flopezin"]
[Result "1-0"]
[WhiteElo "2484"]
[BlackElo "2337"]
[TimeControl "180+1"]
[EndTime "11:51:35 PDT"]
[Termination "eduardoperalta won by resignation"]

1. d4 Nf6 2. c4 e6 3. Nc3 Bb4 4. Nf3 Bxc3+ 5. bxc3 d6 6. e3 Kf8 7.
Bd3 Nbd7 8. e4 e5 9. h3 h6 10. O-O g6 11. a4 a5 12. Nh2 Kg7 13. f4 exf4 14. Bxf4 b6 15. Qf3 Bb7 16. Rae1 Qe7 17. Qf2 Rae8 18. e5 dxe5 19. Bxe5 Nxe5 20. Rxe5 Qd6 21.
Ng4 Rxe5 22. dxe5 Qxd3 23. Qxf6+ 1-0

[Event "*** Titled Tuesday Blitz"]
[Site "Chess.com"]
[Date "2021.04.06"]
[Round "10"]
[White "Shahaliyev"]
[Black "Treacherous_horse64"]
[Result "1-0"]
[WhiteElo "2638"]
[BlackElo "2423"]
[TimeControl "180+1"]
[EndTime "11:51:53 PDT"]
[Termination "Shahaliyev won by resignation"]

1. Nf3 d5 2. c4 e6 3. b3 Nf6 4. Bb2 c5 5. e3 Nc6 6. cxd5 exd5 7. Nc3 Be7 8. Bb5 a6 9. Bxc6+ bxc6 10. Rc1 a5 11. Na4 Nd7 12. Ba3 Ba6 13. Nxc5 Qb6 14. Nxd7 Kxd7 15. Ne5+ Ke6 16. Qg4+ f5 17. Qxg7 Bxa3 18.
Rxc6+ 1-0

[Event "*** Titled Tuesday Blitz"]
[Site "Chess.com"]
[Date "2021.04.06"]
[Round "10"]
[White "TooOldTooSlow70"]
[Black "kingnb"]
[Result "0-1"]
[WhiteElo "2489"]
[BlackElo "2598"]
[TimeControl "180+1"]
[EndTime "11:52:09 PDT"]
[Termination "kingnb won by resignation"]

1. g3 Nf6 2. Bg2 g6 3. e4 d6 4.
Ne2 Bg7 5. O-O O-O 6. d4 c5 7.
Nbc3 cxd4 8. Nxd4 Nbd7 9. h3 Nc5 10. Re1 Bd7 11. Kh2 Rc8 12. Bg5 h6 13. Be3 a6 14.
Qd2 Kh7 15. f4 e5 16. Nb3 Qe7 17. Rad1 Nxb3 18. axb3 Rc6 19. Nd5 Nxd5 20. exd5 Rcc8 21. c4 f5 22. fxe5 dxe5 23. Bf2 e4 24. Bd4 Bxd4 25.
Qxd4 Qg7 26. b4 Ba4 27. Re3 Bxd1 28. Qxd1 Rxc4 29. d6 Rd4 0-1

[Event "*** Titled Tuesday Blitz"]
[Site "Chess.com"]
[Date "2021.04.06"]
[Round "10"]
[White "Evgeny81"]
[Black "xurramid77"]
[Result "0-1"]
[WhiteElo "2754"]
[BlackElo "2639"]
[TimeControl "180+1"]
[EndTime "11:52:18 PDT"]
[Termination "xurramid77 won by resignation"]

1. e4 e6 2. d4 d5 3. Nc3 dxe4 4.
Nxe4 Nd7 5. Nf3 Ngf6 6. Ng3 Be7 7.
Bd3 O-O 8. O-O b6 9. Qe2 Bb7 10. c3 c5 11. Bf4 Nd5 12. Bd2 cxd4 13. cxd4 Nb4 14. Bxb4 Bxb4 15. h4 Bxf3 16. Qxf3 Qxh4 17.
Rad1 Nf6 18. Rfe1 Bxe1 19. Rxe1 Qxd4 20. Bb1 Qxb2 21. Nh5 Nxh5 22. Qxh5 g6 23. Qf3 Rac8 24. Be4 Rc1 25. Rxc1 Qxc1+ 26. Kh2 Qh6+ 27. Kg1 Rc8 0-1

[Event "*** Titled Tuesday Blitz"]
[Site "Chess.com"]
[Date "2021.04.06"]
[Round "10"]
[White "Aradhya2000"]
[Black "jacky72"]
[Result "0-1"]
[WhiteElo "2603"]
[BlackElo "2721"]
[TimeControl "180+1"]
[EndTime "11:52:31 PDT"]
[Termination "jacky72 won by resignation"]

1. d4 d5 2. c4 c6 3. Nf3 Nf6 4. e3 Bg4 5. Nc3 e6 6. h3 Bh5 7.
Qb3 Qb6 8. Nh4 Nbd7 9. g4 Bg6 10.
Nxg6 hxg6 11. Bg2 Bb4 12. Bd2 Bxc3 13. Bxc3 Ne4 14. Qc2 Nxc3 15. bxc3 dxc4 16. O-O Qc7 17. a4 Nf6 18. a5 Nxg4 19. Rfb1 Rxh3 20. Bxh3 Qh2+ 21.
Kf1 Nxe3+ 22. fxe3 Qxc2 23. Rxb7 Qxc3 24. Rab1 Qxe3 25.
Bg2 Qd3+ 26. Ke1 Qc3+ 27. Kf1 Qd3+ 28. Ke1 Kf8 29. Bxc6 Qxd4 30. Rd1 Qe5+ 31. Kf1 c3 32. Rdd7 Qf4+ 33. Ke2 c2 34. Rxf7+ Qxf7 35. Rxf7+ Kxf7 36. Bxa8 c1=Q 0-1

[Event "*** Titled Tuesday Blitz"]
[Site "Chess.com"]
[Date "2021.04.06"]
[Round "10"]
[White "suyu28"]
[Black "DeTimmerman"]
[Result "0-1"]
[WhiteElo "2629"]
[BlackElo "2842"]
[TimeControl "180+1"]
[EndTime "11:52:47 PDT"]
[Termination "DeTimmerman won by resignation"]

1. d4 Nf6 2. c4 e6 3. g3 d5 4. Nf3 Be7 5. Bg2 O-O 6. O-O dxc4 7. Qc2 b5 8. a4 b4 9. Qxc4 Nd5 10. Qc2 a5 11. Nbd2 Nd7 12. Nb3 Bb7 13. e4 N5f6 14. Re1 c5 15. dxc5 Rc8 16. Nfd4 Nxc5 17. Qb1 Ba6 18. Rd1 Nxb3 0-1

[Event "*** Titled Tuesday Blitz"]
[Site "Chess.com"]
[Date "2021.04.06"]
[Round "10"]
[White "elohunter1999"]
[Black "Aslanov_Umid"]
[Result "1-0"]
[WhiteElo "2540"]
[BlackElo "2406"]
[TimeControl "180+1"]
[EndTime "11:52:47 PDT"]
[Termination "elohunter1999 won by resignation"]

1. d4 d6 2. e4 g6 3. Nc3 Bg7 4. Be3 e5 5. Nf3 exd4 6. Nxd4 Nf6 7. f3 O-O 8. Qd2 a6 9. O-O-O b5 10. h4 Bd7 11. h5 b4 12. Nd5 Nxd5 13. exd5 a5 14.
Bg5 Qc8 15. Bh6 Bf5 16. g4 Bxg4 17. Bxg7 Kxg7 18. hxg6 fxg6 19. Qh6+ 1-0

[Event "*** Titled Tuesday Blitz"]
[Site "Chess.com"]
[Date "2021.04.06"]
[Round "10"]
[White "vinniethepooh"]
[Black "Oleksandr_Bortnyk"]
[Result "0-1"]
[WhiteElo "2731"]
[BlackElo "2946"]
[TimeControl "180+1"]
[EndTime "11:52:53 PDT"]
[Termination "Oleksandr_Bortnyk won by checkmate"]

1. d4 Nf6 2. c4 b6 3. Nc3 Bb7 4. Qc2 d6 5. e4 e5 6. Nf3 Nbd7 7. Bg5 Be7 8. d5 Nxd5 9. cxd5 Bxg5 10. Nxg5 Qxg5 11. Nb5 O-O 12. Qxc7 Nc5 13. Nxd6 Rac8 14.
Nxc8 Rxc8 15. Qd6 Nxe4 16. Qb4 Rc1+ 17. Rxc1 Qxc1+ 18. Ke2 Ba6+ 19. Kf3 Qf4# 0-1

[Event "*** Titled Tuesday Blitz"]
[Site "Chess.com"]
[Date "2021.04.06"]
[Round "10"]
[White "Andrakhanova"]
[Black "schondeln"]
[Result "1-0"]
[WhiteElo "2273"]
[BlackElo "2377"]
[TimeControl "180+1"]
[EndTime "11:53:00 PDT"]
[Termination "Andrakhanova won by resignation"]

1. c4 c6 2. e4 d5 3. exd5 cxd5 4.
d4 Nf6 5. Nc3 g6 6. cxd5 Nxd5 7.
Bc4 Nb6 8. Bb3 Bg7 9. Nge2 O-O 10. O-O Nc6 11. Be3 Bg4 12. f3 Bf5 13. Qd2 Na5 14.
Bh6 Nbc4 15. Qc1 Nxb3 16. axb3 Bxh6 17. Qxh6 Nxb2 18. Ne4 Bxe4 19. fxe4 e5 20. Qd2 exd4 21. Qxb2 d3 22. Nf4 f6 23. Rad1 Qb6+ 24. Kh1 Rad8 25.
Nd5 Kg7 26. Nxb6 1-0

[Event "*** Titled Tuesday Blitz"]
[Site "Chess.com"]
[Date "2021.04.06"]
[Round "10"]
[White "malakismayil"]
[Black "jd001"]
[Result "1-0"]
[WhiteElo "2271"]
[BlackElo "2148"]
[TimeControl "180+1"]
[EndTime "11:53:05 PDT"]
[Termination "malakismayil won by resignation"]

1. e4 e6 2. d4 d5 3. Nd2 Nf6 4.
e5 Nfd7 5. Bd3 c5 6. c3 Nc6 7.
Ne2 cxd4 8. cxd4 f6 9. exf6 Nxf6 10. Nf3 Bd6 11. O-O Qc7 12. Bg5 O-O 13. Qc2 Nb4 14.
Qxc7 Bxc7 15. Bb1 Nc6 16. a3 Bd7 17. Bd3 a6 18. Rac1 h6 19. Bf4 Bxf4 20. Nxf4 g5 21. Ng6 Rfe8 22. Nge5 Kg7 23. Nxc6 bxc6 24. Ne5 Rec8 25.
f4 Be8 26. Rc2 Ng4 27. Nxg4 1-0

[Event "*** Titled Tuesday Blitz"]
[Site "Chess.com"]
[Date "2021.04.06"]
[Round "10"]
[White "Twitch_ElhamBlitz05"]
[Black "MasterKroket"]
[Result "1-0"]
[WhiteElo "2812"]
[BlackElo "2522"]
[TimeControl "180+1"]
[EndTime "11:53:13 PDT"]
[Termination "Twitch_ElhamBlitz05 won by resignation"]

1. e4 c5 2. Nf3 e6 3. d4 cxd4 4.
Nxd4 Nc6 5. Nc3 Qc7 6. Be3 a6 7. g4 b5 8. Bg2 Bb7 9. Nxc6 Bxc6 10.
Qd2 b4 11. Nd5 exd5 12. exd5 Bb7 13. O-O-O d6 14. Rhe1 Be7 15. Qxb4 Nf6 16. g5 Nd7 17. Bd4 Kf8 18. Bxg7+ Kxg7 19. Rxe7 Rhe8 20. Rde1 Rxe7 21. Rxe7 Rc8 22. c3 Kf8 23. Re3 Ne5 24. Rxe5 a5 25. Qa3 Ba6 26. Re1 Bd3 27. Qa4 Rb8 28. Qd4 1-0

[Event "*** Titled Tuesday Blitz"]
[Site "Chess.com"]
[Date "2021.04.06"]
[Round "10"]
[White "viktorgen2021"]
[Black "mac0504"]
[Result "0-1"]
[WhiteElo "2304"]
[BlackElo "2531"]
[TimeControl "180+1"]
[EndTime "11:53:14 PDT"]
[Termination "mac0504 won by resignation"]

1. d4 Nf6 2. Nf3 e6 3. g3 c5 4. Bg2 cxd4 5. Nxd4 d5 6. c4 e5 7. Nb5 d4 8. O-O Nc6 9. e3 a6 10. N5a3 Bxa3 11. Nxa3 O-O 12. exd4 exd4 13. Re1 Bg4 14. Qb3 Qd7 15. Bf4 Rac8 16. Rac1 d3 17. Bd2 Nd4 18. Qxb7 Ne2+ 19. Kh1 Nxc1 20. Rxc1 Qxb7 21. Bxb7 Rb8 22. Bxa6 Bf3+ 23. Kg1 Rxb2 24. Bc3 Rxa2 0-1

[Event "*** Titled Tuesday Blitz"]
[Site "Chess.com"]
[Date "2021.04.06"]
[Round "10"]
[White "geordie_derraugh"]
[Black "ChronicUnhappiness"]
[Result "0-1"]
[WhiteElo "2417"]
[BlackElo "2318"]
[TimeControl "180+1"]
[EndTime "11:53:17 PDT"]
[Termination "ChronicUnhappiness won by resignation"]

1. e4 Nf6 2. e5 Nd5 3. d4 d6 4.
Nf3 Bg4 5. Be2 e6 6. O-O Be7 7.
c4 Nb6 8. Nc3 a6 9. b3 O-O 10.
Bb2 N8d7 11. a4 Bxf3 12. Bxf3 dxe5 13. dxe5 Nxe5 14. Bxb7 Rb8 15. Be4 Qxd1 16. Rfxd1 Nbd7 17. Bc2 Nc5 18. Ne4 Nxc4 19. Bxg7 Kxg7 20. bxc4 Rb4 21. Rd7 Nxd7 0-1

[Event "*** Titled Tuesday Blitz"]
[Site "Chess.com"]
[Date "2021.04.06"]
[Round "10"]
[White "ENajer77"]
[Black "Angry_Twin"]
[Result "1-0"]
[WhiteElo "2698"]
[BlackElo "2886"]
[TimeControl "180+1"]
[EndTime "11:53:18 PDT"]
[Termination "ENajer77 won by resignation"]

1. d4 Nf6 2. c4 e6 3. Nf3 d5 4. Nc3 Bb4 5. Qa4+ Nc6 6. e3 O-O 7. Bd2 Re8 8. h3 h6 9. Rd1 Bf8 10. a3 a6 11. Qc2 e5 12. dxe5 Nxe5 13. Nxe5 Rxe5 14. cxd5 Nxd5 15. Be2 c6 16. e4 Nf6 17.
Bf4 Qe8 18. Bxe5 Qxe5 19. O-O Bc5 20. Kh1 g5 21. Nd5 Nxe4 22. Qxe4 1-0

[Event "*** Titled Tuesday Blitz"]
[Site "Chess.com"]
[Date "2021.04.06"]
[Round "10"]
[White "LEGENYA1998"]
[Black "KubaGepard"]
[Result "0-1"]
[WhiteElo "2235"]
[BlackElo "2391"]
[TimeControl "180+1"]
[EndTime "11:53:19 PDT"]
[Termination "KubaGepard won by resignation"]

1. b4 d5 2. Bb2 Nf6 3. a3 a5 4. b5 b6 5. e3 Bb7 6. a4 Nbd7 7. Nf3 e6 8. d4 Bd6 9. Bd3 O-O 10. O-O Ne4 11. Nbd2 f5 12. Ne5 Bxe5 13. dxe5 c5 14.
bxc6 Bxc6 15. c4 Ndc5 16. Bxe4 fxe4 17. cxd5 Bxd5 18. Ba3 Rf5 19. Rc1 Nd3 20. Rb1 Nxe5 21. Nb3 Qh4 22. Nd4 Rh5 23. h3 Nf3+ 24. Kh1 Qg4 25. Nxf3 exf3 0-1

[Event "*** Titled Tuesday Blitz"]
[Site "Chess.com"]
[Date "2021.04.06"]
[Round "10"]
[White "Shankovskyi"]
[Black "gxbg2000"]
[Result "1-0"]
[WhiteElo "2422"]
[BlackElo "2010"]
[TimeControl "180+1"]
[EndTime "11:53:21 PDT"]
[Termination "Shankovskyi won by resignation"]

1. e4 e5 2. Nf3 d6 3. d4 exd4 4. Nxd4 Nf6 5. Nc3 Be7 6. Bc4 O-O 7. O-O Nc6 8. Bg5 a6 9. a3 Nxd4 10. Qxd4 h6 11. Bh4 Be6 12. Bxe6 fxe6 13. Rad1 e5 14. Qc4+ Kh8 15. Rfe1 Rc8 16. Bxf6 Bxf6 17. Nd5 Qd7 18. Qc3 Rf7 19. Nxf6 Rxf6 20. Qxe5 dxe5 21. Rxd7 Rc6 22. c3 Rb6 23. Re2 Kg8 24. h3 Kf8 25. Red2 Re6 26.
c4 g5 27. b4 b6 28. R2d5 Ke8 29. Rh7 Rd6 30. Rxe5+ Kd8 31. Rd5 Rxd5 32. exd5 1-0

[Event "*** Titled Tuesday Blitz"]
[Site "Chess.com"]
[Date "2021.04.06"]
[Round "10"]
[White "kidagent"]
[Black "Artyom_ChessMate"]
[Result "0-1"]
[WhiteElo "2355"]
[BlackElo "2547"]
[TimeControl "180+1"]
[EndTime "11:53:27 PDT"]
[Termination "Artyom_ChessMate won by resignation"]

1. e4 c5 2. Nf3 d6 3. d4 cxd4 4.
Nxd4 Nf6 5. Nc3 g6 6. Be3 Bg7 7.
f3 O-O 8. Qd2 Nc6 9. O-O-O d5 10.
exd5 Nxd5 11. Nxc6 bxc6 12. Nxd5 cxd5 13. Qxd5 Qc7 14.
Qc4 Qe5 15. Bd4 Qf4+ 16. Kb1 Be6 17. Qc3 Rac8 18. Qe3 Qc7 19. Bd3 Qa5 20. a3 Bxd4 21. Qxd4 Rfd8 22. Qb4 Qc7 23. Be4 Rb8 24. Rxd8+ Rxd8 25. Bd3 Rb8 26. Qd4 Rd8 27. Qb4 Rb8 28. Qd4 Qa5 29. Kc1 Rd8 30. Qf4 Qc5 31. Qd2 Bf5 32. Rd1 Rxd3 33. Qxd3 Bxd3 34. Rxd3 Qg1+ 0-1